Unix NetHack Version 5.0.0-0 post-release - last build May 30 2026 05:04:26 (55804bc15828dd6e32e9076e0726aa6fccb6e981,branch:main).

Game began 2026-05-30 17:35:49, ended 2026-05-30 19:04:11.

Brudee, neutral female human Tourist

                     ----     -------
        ----         |..|   ---..|..|              ---               ----
      ---..|       ---..-----.......|             --.--       ---    |..--
 ------....|       |...............>|             |...---------.---- |...|
 |..--.....---------.............----             --...............---...|
 |.............................---      ----       ----.----....--......---
 -----...--------------...---..|      ---..------     |.|  ---.--------...|
     |...|   ----     --..| ----      |.....--..|     |.---  ---      ---.|
     |..-|   |..|      |.--          --.........|     |...|             |.|
     --..-----..|      |.--    ----  |.........--     ---.--            |.|
      |...|.|...|     --..------..----.h.......|        |..|            |.|
      |........--     |.................(......------   |..--           |.|
     --.......--      |..------.....................|  --...--          |.|
  ----.......--       ----   |......................----.....----      --.|
 --..........|              --..)................--.............|      |..|
 |..........-|        ---  --..@.....G..G......G.|--........-...--    ---.|
 |....|......|---- ----.|  |........---.--.......---.............--  --..--
 --..----....--..---.|..|  ---.....-- ------......|...............-- |..--
  ----  ----..........---    --....|       --....---.---<....--....| ----
           --..|.|.----       |..---        ---.-- --- ---.------.--
            --------          ----            ---        ---    ---
Brudee the Sightseer        St:14 Dx:13 Co:15 In:13 Wi:7 Ch:13  Neutral S:870
Dlvl:6  $:98 HP:0(30) Pw:11(11) AC:9  Xp:4/134 T:2127 

Latest messages:
 The gnome hits!
 In what direction? l
 You kill the gnome!
 You are hit by an arrow.
 In what direction? l
 The dart hits it!
 The gnome swings his bow.
 The gnome hits!
 In what direction? l
 You kill the gnome!
 a - a +2 dart (at the ready) (13 in total).
 You learn more about your items by comparing them.
 a - a +2 dart (at the ready) (14 in total).
 There are several more objects here.
 I - a tin.
 In what direction? y
 The dart hits the gnome.
 The gnome hits!
 In what direction? y
 The dart misses the gnome.
 The gnome hits!
 In what direction? y
 You kill the gnome!
 a - 3 +2 darts (at the ready) (14 in total).
 You descend the stairs.
 What do you want to read? [jksz or ?*] ?
 As you read the scroll, it disappears.
 A map coalesces in your mind!
 A trap door opens up under you!
 What do you want to read? [ksz or ?*] <space>
 Never mind.
 What do you want to read? [ksz or ?*] ?
 As you read the scroll, it disappears.
 A map coalesces in your mind!
 The gnome picks up a gem.
 In what direction? k
 The dart hits the gnome.
 In what direction? u
 The dart hits the gnome.
 The gnome hits!
 In what direction? u
 You kill the gnome!
 The gnome lord wields a crossbow!
 In what direction? k
 You kill the gnome!
 The gnome lord shoots 3 crossbow bolts!
 You are hit by the 1st crossbow bolt!
 You die...
 Do you want your possessions identified? [ynq] (y) y
 Do you want to see your attributes? [ynq] (y) q

Inventory:
 Coins    ('$')
  $ - 98 gold pieces
 Weapons  (')')
  a - 10 +2 darts (at the ready)
  C - 9 +0 shuriken
 Armor    ('[')
  q - an uncursed +0 pair of jumping boots (being worn)
  l - an uncursed +0 Hawaiian shirt with a parrot motif (being worn)
 Comestibles  ('%')
  d - an uncursed slime mold
  D - a cursed food ration
  p - an uncursed orange
  c - an uncursed tripe ration
  E - a cursed tripe ration
  I - an uncursed rotten tin of bat meat
  b - 2 uncursed eggs
  v - an uncursed lichen corpse
  A - 4 uncursed lichen corpses
 Scrolls  ('?')
  z - a cursed scroll of confuse monster
  s - an uncursed scroll of food detection
 Potions  ('!')
  h - a blessed potion of extra healing
  i - an uncursed potion of extra healing
  Z - an uncursed potion of gain level
  H - an uncursed potion of healing
  y - a blessed potion of invisibility
 Wands    ('/')
  x - a wand of magic missile (0:8)
  e - a wand of teleportation (0:5)
 Tools    ('(')
  B - a cursed expensive camera (0:34)
  t - a cursed magic lamp
  T - an uncursed skeleton key
  F - an uncursed stethoscope
  N - an uncursed towel

Brudee the Tourist's attributes:

Background:
 You were a Sightseer, a level 4 female human Tourist.
 You were neutral, nominally on a mission for The Lady
 who was opposed by Blind Io (lawful) and Offler (chaotic).
 You were right-handed.
 You were in the Gnomish Mines, on level 6.
 You entered the dungeon 2127 turns ago.
 You had 134 experience points, 26 more were needed to attain level 5.
 Your score was 870 before end-of-game adjustments.

Basics:
 You had 0 out of 30 hit points.
 You had all 11 energy points (spell power).
 Your armor class was 9.
 Your wallet contained 98 zorkmids.
 Autopickup was on for '$!=+?/"' plus thrown.

Final Characteristics:
 Your strength was 14 (limit:18/100).
 Your dexterity was 13 (limit:18).
 Your constitution was 15 (limit:18).
 Your intelligence was 13 (limit:18).
 Your wisdom was 7 (limit:18).
 Your charisma was 13 (limit:18).

Final Status:
 You weren't hungry.
 You were unencumbered.
 You were bare handed.
 You were unskilled in bare handed combat.

Final Attributes:
 You were piously aligned.
 You could jump.
 You are dead.

Miscellaneous:
 You didn't encounter any bones levels.
 Total elapsed playing time was 54 minutes and 56 seconds.

Major events:
 Turn
    1: Brudee the neutral female human Tourist entered the dungeon
 1367: attained the rank of Sightseer (level 3)
 1835: entered the Gnomish Mines
 2127: killed by a crossbow bolt

You didn't know any spells.

Skills:
 Fighting Skills
   bare handed combat [Unskilled]
   two weapon combat  [Unskilled]
   riding             [Unskilled]
 Weapon Skills
   dagger             [Unskilled]
   knife              [Unskilled]
   axe                [Unskilled]
   pick-axe           [Unskilled]
   short sword        [Unskilled]
   broadsword         [Unskilled]
   long sword         [Unskilled]
   two-handed sword   [Unskilled]
   saber              [Unskilled]
   mace               [Unskilled]
   morning star       [Unskilled]
   flail              [Unskilled]
   hammer             [Unskilled]
   quarterstaff       [Unskilled]
   polearms           [Unskilled]
   spear              [Unskilled]
   trident            [Unskilled]
   lance              [Unskilled]
   bow                [Unskilled]
   sling              [Unskilled]
   crossbow           [Unskilled]
   dart               [Basic]
   shuriken           [Unskilled]
   boomerang          [Unskilled]
   whip               [Unskilled]
   unicorn horn       [Unskilled]
 Spellcasting Skills
   divination spells  [Unskilled]
   enchantment spells [Unskilled]
   escape spells      [Unskilled]

Voluntary challenges:
 Character rerolling was not enabled.
 You were an atheist.
 You never hit with a wielded weapon.
 You never genocided any monsters.
 You never polymorphed an object.
 You never changed form.
 You used no wishes.
Achievements:
 You entered a shop.
 You attained the rank of Sightseer.
 You entered the Gnomish Mines.

 The Dungeons of Doom: levels 1 to 4
    Level 1:
       A fountain.
    Level 2:
       A tool shop, a fountain, a sink.
    Level 3:
       A general store.
       Stairs down to The Gnomish Mines.
    Level 4:
 The Gnomish Mines: levels 4 to 6
    Level 4:
    Level 5:
    Level 6: <- You were here.
       Final resting place for
          you, killed by a crossbow bolt.


Vanquished creatures:
  a dwarf
 an acid blob
  3 giant rats
  a green mold
  7 gnomes
  a gnome zombie
  2 geckos
  5 jackals
  a fox
  6 grid bugs
  9 lichens
  3 kobold zombies
  5 newts
45 creatures vanquished.

No species were genocided or became extinct.

Game over:
                       ----------
                      /          \
                     /    REST    \
                    /      IN      \
                   /     PEACE      \
                  /                  \
                  |      Brudee      |
                  |      98 Au       |
                  |   killed by a    |
                  |  crossbow bolt   |
                  |                  |
                  |                  |
                  |       2026       |
                 *|     *  *  *      | *
        _________)/\\_//(\/(/\)/\//\/|_)_______

Aloha Brudee the Tourist...

You died in The Gnomish Mines on dungeon level 6 with 862 points,
and 98 pieces of gold, after 2127 moves.
You were level 4 with a maximum of 30 hit points when you died.

